 Seeded DCSS version 0.27.1-1-g398f81649c (webtiles) character file.

Game seed: 8570300359430318674 (custom seed)

30 a11behringer the Slasher (level 3, -6/33 HPs)
             Began as a Minotaur Berserker on Sept 13, 2021.
             Was a Believer of Trog.
             Splashed by Ijyb's acid (12 damage)
             ... on level 3 of the Dungeon.
             The game lasted 00:05:08 (1346 turns).

a11behringer the Slasher (Minotaur Berserker)       Turns: 1346, Time: 00:05:09

Health: -6/33      AC:  7    Str: 21    XL:     3   Next: 5%
Magic:  2/2        EV:  6    Int:  4    God:    Trog [**....]
Gold:   157        SH:  0    Dex: 10    Spells: 2/2 levels left

rFire    . . .     SeeInvis .   a - +0 falchion
rCold    . . .     Faith    .   (no shield)
rNeg     . . .     Spirit   .   h - +0 plate armour
rPois    .         Reflect  .   (helmet restricted)
rElec    .         Harm     .   (no cloak)
rCorr    .         Rampage  .   (no gloves)
Will     .....                  (no boots)
Stlth    ..........             (no amulet)
HPRegen  0.11/turn              (no ring)
MPRegen  0.08/turn              (no ring)

@: corroded
A: horns 2, retaliatory headbutt
a: Renounce Religion, Berserk, Trog's Hand


You were on level 3 of the Dungeon.
You worshipped Trog.
Trog was pleased with you.
You visited 1 branch of the dungeon, and saw 3 of its levels.

You collected 157 gold pieces.

Inventory:

Hand Weapons
 a - a +0 falchion (weapon)
Armour
 b - a +0 animal skin
 h - a +0 plate armour (worn)
Scrolls
 d - 4 scrolls of teleportation {unknown}
 e - a scroll of summoning {unknown}
 f - a scroll of noise {unknown}
 i - a scroll of enchant weapon {unknown}
Potions
 c - a potion of lignification {unknown}
 g - 2 potions of degeneration {unknown}


   Skills:
 - Level 3.9 Fighting
 * Level 4.8 Long Blades
 - Level 2.5 Armour
 - Level 2.2 Dodging


You had 2 spell levels left.
You didn't know any spells.
Your spell library was empty.

Dungeon Overview and Level Annotations

Branches:
Dungeon (3/15)

Altars:

Shops:
D:1 *=?(?

Annotations:
D:3 Ijyb


Innate Abilities, Weirdness & Mutations

You have a pair of horns on your head.
You reflexively headbutt those who attack you in melee.


Message History

d - 4 scrolls labelled AREXUTH FULOSK (gained 3)
You enter the shallow water.
Moving in this stuff is going to be slow.
There is a stone staircase leading down here.
You see here 21 stones.
Found 16 gold pieces.
You now have 139 gold pieces (gained 16).
A goblin comes into view. It is wielding a +0 dagger.
Found a red potion.
A goblin is nearby!
You hit the goblin. You headbutt the goblin.
The goblin is severely wounded.
The goblin hits you but does no damage.
You hit the goblin.
You kill the goblin!
Trog accepts your kill.
You see here a +0 dagger.
g - 2 red potions (gained 1)
Found a stone staircase leading down.
A ball python comes into view.
The ball python hisses angrily.
You hit the ball python.
You kill the ball python!
Trog accepts your kill.
You can now call upon Trog for regeneration and willpower.
Found 2 gold pieces.
You now have 141 gold pieces (gained 2).
Found 16 gold pieces.
You now have 157 gold pieces (gained 16).
Done exploring.
Done exploring.
There is a stone staircase leading down here.
You climb downwards.
Ijyb shouts!
There is a stone staircase leading up here.
Ijyb zaps a wand.
The bolt of acid hits you.
You are splashed with acid!
Ijyb zaps a wand.
The bolt of acid hits you!
* * * LOW HITPOINT WARNING * * *
The acid corrodes you!
You are splashed with acid!
You die...

############
.....#...<.##
............##
.....w.......#.
.......@......w..
.................
.....g...........
.................
#....#...........
.....#......#....
.... #.....##...
.... ..#####


You could see Ijyb and 2 dart slugs.

Vanquished Creatures
  A dart slug (D:1)
  4 ball pythons
  3 endoplasms (D:1)
  2 giant cockroaches
  4 goblins
  3 hobgoblins (D:1)
  A quokka (D:1)
  2 bats (D:1)
  A frilled lizard (D:2)
  A kobold (D:1)
  5 rats
27 creatures vanquished.

Notes
Turn   | Place    | Note
-------+----------+-------------------------------------------
     0 | D:1      | a11behringer the Minotaur Berserker began the quest for the
                  | Orb.
     0 | D:1      | Reached XP level 1. HP: 19/19 MP: 0/0
    67 | D:1      | Found Doaf's Magic Scroll Emporium.
   127 | D:1      | Reached skill level 4 in Long Blades
   127 | D:1      | Reached XP level 2. HP: 22/27 MP: 1/1
   127 | D:1      | Found Ajetz's Weapon Emporium.
   280 | D:1      | Found Febio's Jewellery Shop.
   369 | D:1      | Found Xefiu's General Store.
   685 | D:1      | Found Ziny's Magic Scroll Shoppe.
   955 | D:2      | Reached XP level 3. HP: 33/33 MP: 2/2
  1274 | D:2      | Reached ** piety under Trog
  1343 | D:3      | Noticed Ijyb
  1346 | D:3      | Splashed by Ijyb's acid

Illustrated notes

Levels and vault maps discovered:
D:1:      co_arrival_random_square_maze, layout_loops_ring, serial_shops,
          nicolae_diamond_shop, shop, shop, shop, shop_coins
D:2:      wander_river, layout_basic, uniq_crazy_yiuf_cottage, uniq_sigmund
D:3:      layout_rooms, hellmonk_ecumenical_altar_lost_god,
          minmay_misc_feat_columns, uniq_robin, uniq_ijyb, uniq_natasha

Skill      XL: |  1 |
---------------+----+-----
Long Blades    | 4 |  4.8
Fighting       | |  3.9
Armour         | |  2.5
Dodging        | |  2.2

Action                   || total
-------------------------++-------
Melee: Falchion          ||    42
       Headbutt          ||     7
Armor: Animal skin       ||     3
       Plate armour      ||     5
Dodge: Dodged            ||    20
       Rpst.: Falchion   ||     5
